 Dungeon Crawl Stone Soup version 0.29-a0-243-g602b31c20e (webtiles) character file.

Game seed: 4895300065687624206

306 bande the Skirmisher (level 6, -15/39 HPs)
             Began as a Gargoyle Fighter on Mar 5, 2022.
             Demolished by an ogre
             ... wielding a +0 giant club
              (22 damage)
             ... on level 4 of the Dungeon.
             The game lasted 00:05:05 (3530 turns).

bande the Skirmisher (Gargoyle Fighter)             Turns: 3530, Time: 00:05:05

Health: -15/39     AC: 16    Str: 19    XL:     6   Next: 39%
Magic:  15/15      EV:  7    Int: 12    God:
Gold:   186        SH:  4    Dex: 11    Spells: 5/5 levels left

rFire   . . .      SeeInvis .   k - +10 hand axe "Jaehij" {holy, rCorr MP+9 Int-3}
rCold   + . .      Faith    .   c - +0 buckler
rNeg    + . .      Spirit   .   b - +2 chain mail {rC+}
rPois   ∞          Reflect  .   (no helmet)
rElec   +          Harm     .   (no cloak)
rCorr   +          Rampage  .   (no gloves)
Will    .....                   (no boots)
Stlth   ..........              (no amulet)
HPRegen 0.13/turn               l - +6 ring of intelligence
MPRegen 0.14/turn               (no ring)

@: no status effects
A: sickness immunity, AC +4, negative energy resistance 1, electricity
resistance, torment resistance 1, petrification resistance
a: no special abilities


You were on level 4 of the Dungeon.
You visited 1 branch of the dungeon, and saw 4 of its levels.

You collected 186 gold pieces.

Inventory:

Hand Weapons
 a - a +0 war axe
 f - a +0 flail
 i - a +0 hand axe of electrocution
 k - the +10 hand axe "Jaehij" (weapon) {holy, rCorr MP+9 Int-3}
   (You found it on level 3 of the Dungeon)

   It has been blessed by the Shining One to cause great damage to the undead
   and demons.
   Int:       It affects your intelligence (-3).
   MP:        It affects your magic capacity (+9).
   rCorr:     It protects you from acid and corrosion.
Armour
 b - a +2 chain mail of cold resistance (worn)
 c - a +0 buckler (worn)
Jewellery
 l - a +6 ring of intelligence (left hand)
Scrolls
 m - a scroll of identify
 n - a scroll of teleportation
 o - a scroll of fog
Potions
 d - 2 potions of might
 e - a potion of ambrosia
 g - a potion of heal wounds
 h - 2 potions of magic {unknown}
 j - a potion of mutation {unknown}


   Skills:
 + Level 4.5 Fighting
 + Level 4.3 Axes
 + Level 4.4 Armour
 + Level 3.9 Shields


You had 5 spell levels left.
You didn't know any spells.
Your spell library contained the following spells:

 Spells                   Type           Power      Damage    Failure   Level
 Summon Small Mammal      Summ           0%         N/A       99%         1
 Call Canine Familiar     Summ           0%         N/A       100%        3
 Summon Guardian Golem    Hex/Summ       0%         N/A       100%        3


Dungeon Overview and Level Annotations

Branches:
Dungeon (4/15)
 Temple: D:4-7

Altars:

Shops:
D:1 *   D:2 *


Innate Abilities, Weirdness & Mutations

You are immune to sickness and miasma.
Your stone body is resilient. (AC +4)
You are immune to poison.
You resist negative energy. (rN+)
You are resistant to electric shocks. (rElec)
You are resistant to unholy torment.
You are immune to petrification.


Message History

No target in view!
o - a scroll of fog You now have 186 gold pieces (gained 12).
A hobgoblin and an ogre come into view.
The hobgoblin shouts!
The ogre shouts!
You closely miss the hobgoblin. The hobgoblin barely misses you.
The hobgoblin hits you but does no damage.
You hit the hobgoblin.
The hobgoblin is severely wounded.
The hobgoblin closely misses you.
You hit the hobgoblin.
You kill the hobgoblin!
You barely miss the ogre. The ogre hits you with a +0 giant club!
You barely miss the ogre. The ogre closely misses you.
You slash the ogre!
The ogre is moderately wounded.
You slash the ogre!
The ogre is heavily wounded.
The ogre hits you with a +0 giant club!
You barely miss the ogre.
The ogre is heavily wounded.
The ogre hits you with a +0 giant club!
* * * LOW HITPOINT WARNING * * *
You are too injured to fight recklessly!
You are too injured to fight recklessly!
You are too injured to fight recklessly!
You are too injured to fight recklessly!
You are too injured to fight recklessly!
You hit the ogre.
The ogre is severely wounded.
The ogre hits you with a +0 giant club.
* * * LOW HITPOINT WARNING * * *
You barely miss the ogre.
The ogre is severely wounded.
The ogre barely misses you.
You hit the ogre.
The ogre is severely wounded.
The ogre hits you with a +0 giant club!!
Ouch! That really hurt!
You die...

... ..# #.# ..# #.#
..# #.# ..# #.# #.#
..# #.# #.# ..###
#.# #.#
....#####.###.#####
................@.#
....#####.#.#####O#
#...##.......# .#
#............# .#
#....#..#.#..# .#
#....#..#.#..# .#
#....#....#..# ..
#....#..#.#..# ##
#....#..#.#..#


You could see an ogre.

Vanquished Creatures
  A phantom (D:4)
  An orc priest (D:2)
  A hound (D:4)
  An orc wizard (D:3)
  6 adders
  A worm (D:4)
  A dart slug (D:1)
  13 orcs
  4 endoplasms
  2 giant cockroaches (D:4)
  6 goblins
  17 hobgoblins
  5 kobolds
  3 quokkas
  10 ball pythons
  2 bats
  5 frilled lizards
  4 rats
83 creatures vanquished.

Notes
Turn   | Place    | Note
-------+----------+-------------------------------------------
     0 | D:1      | bande the Gargoyle Fighter began the quest for the Orb.
     0 | D:1      | Reached XP level 1. HP: 14/14 MP: 1/1
   101 | D:1      | Found a faded altar of an unknown god.
   362 | D:1      | Reached XP level 2. HP: 19/19 MP: 2/2
   554 | D:1      | You fall into a shaft and drop 1 floor!
  1062 | D:1      | Found Kotef's General Store.
  1087 | D:1      | Reached XP level 3. HP: 22/23 MP: 3/3
  1556 | D:2      | Found Lulin's General Store.
  1672 | D:2      | Reached XP level 4. HP: 25/29 MP: 4/4
  2539 | D:2      | Reached XP level 5. HP: 33/33 MP: 5/5
  3037 | D:3      | Identified the +10 hand axe "Jaehij" {holy, rCorr MP+9
                  | Int-3}
  3388 | D:4      | Reached XP level 6. HP: 38/38 MP: 6/6
  3530 | D:4      | Demolished by an ogre

Illustrated notes

Levels and vault maps discovered:
D:1:      lemuel_arrival_behind_the_door_small, layout_basic, serial_shops,
          nicolae_square_shop, nicolae_ecumenical_snake_handling
D:2:      cheibrodos_greedy_goblins, layout_basic, serial_shops,
          nicolae_shop_advertising_works [nicolae_subvault_shop_adworks]
D:3:      layout_basic, minmay_misc_feat_ornament
D:4:      layout_basic, gammafunk_ghost_grave, chequers_arboretum,
          nicolae_shop_clearance

Skill      XL: |  1  2  3  4  5  6 |
---------------+-------------------+-----
Axes           | 2 3 4 |  4.3
Armour         | 4 |  4.4
Fighting       | 4 |  4.5
Shields        | |  3.9

Action                   |  1- 3 |  4- 6 || total
-------------------------+-------+-------++-------
Melee: War axe           |   114 |    92 ||   206
       Hand axe          |       |    31 ||    31
  Use: Scroll            |     5 |     1 ||     6
Armor: Scale mail        |    68 |    50 ||   118
       Chain mail        |       |    15 ||    15
Dodge: Dodged            |    54 |    71 ||   125
Block: Buckler           |    27 |    23 ||    50

Table legend: (Time is in decaauts)
 A = Elapsed time spent in this place.
 B = Non-inter-level travel time spent in this place.
 C = Inter-level travel time spent in this place.
 D = Time resting spent in this place.
 E = Time spent auto-exploring this place.
 F = Levels seen in this place.
 G = Mean time per level.
                   A        B        C        D        E       F      G
               +--------+--------+--------+--------+--------+-----+--------+
         Total |   3620 |   3601 |     19 |    321 |   2630 |   4 |  905.0 |
       Dungeon |   3620 |   3601 |     19 |    321 |   2630 |   4 |  905.0 |
               +--------+--------+--------+--------+--------+-----+--------+

Top non-repeatable levels by time:
     D:1: 1318 daAuts
     D:2: 1315 daAuts
     D:3: 761 daAuts
     D:4: 224 daAuts
